 Dungeon Crawl Stone Soup version 0.18-a0-1748-g7377c14 (webtiles) character file.

76 M4edhros the Sneak (level 4, 0/28 HPs)
             Began as an Octopode Artificer on Apr 12, 2016.
             Slain by Crazy Yiuf
             ... wielding a +4 quarterstaff of chaos
              (4 damage)
             ... on level 3 of the Dungeon.
             The game lasted 00:01:45 (2152 turns).

M4edhros the Sneak (Octopode Artificer)             Turns: 2152, Time: 00:01:45

Health: 0/28       AC:  3    Str: 10 (12) XL:     4   Next: 32%
Magic:  6/6        EV: 12    Int: 12 (14) God:
Gold:   82         SH:  2    Dex: 12 (13) Spells: 0 memorised, 3 levels left

rFire  + . .     SeeInvis .     e - +2 whip (elec)
rCold  . . .     Gourm    .     (no shield)
rNeg   . . .     Faith    .     (helmet restricted)
rPois  .         Spirit   .     (no amulet)
rElec  .         Dismiss  .     s - ring of protection from fire
rCorr  .         Reflect  .     (no ring)
SustAt .         Harm     .     (no ring)
MR     .....                    (no ring)
Stlth  ++++......               (no ring)
                                (no ring)
                                (no ring)
                                (no ring)

@: not resistant to hostile enchantments, stealthy
A: almost no armour, amphibious, 8 rings, constrict 8, large bone plates 1,
camouflage 1, strong 1, gelatinous body 1, evolution 1
a: no special abilities


You were on level 3 of the Dungeon.
You were hungry.

You visited 1 branch of the dungeon, and saw 3 of its levels.

You collected 82 gold pieces.

Inventory:

Hand Weapons
 e - a +2 whip of electrocution (weapon)
 r - a +1 dagger of speed
Missiles
 a - 12 sling bullets of flame
 k - 148 stones (quivered)
 l - a throwing net
 o - 8 curare-tipped needles
Jewellery
 s - a ring of protection from fire (left tentacle)
Wands
 b - a wand of flame (12/48)
 c - a wand of enslavement (15/24)
 d - a wand of random effects (14/48)
Scrolls
 g - a scroll of immolation {unknown}
 h - a scroll of teleportation {unknown}
 i - a scroll of magic mapping {unknown}
 m - a scroll of identify {unknown}
 n - 2 scrolls of blinking {unknown}
 p - a scroll of recharging {unknown}
 q - a scroll of enchant armour {unknown}
 t - a scroll of noise {unknown}
Comestibles
 f - 2 bread rations
 j - a meat ration


   Skills:
 - Level 1.0 Fighting
 - Level 1.0 Short Blades
 - Level 2.0 Dodging
 + Level 5.8 Stealth
 - Level 3.2 Evocations


You had 3 spell levels left.
You didn't know any spells.

Dungeon Overview and Level Annotations

Branches:
Dungeon (3/15)

Altars:
Zin

Shops:
D:3 *

Annotations:
D:3 Crazy Yiuf


Innate Abilities, Weirdness & Mutations

You cannot wear most types of armour.
You are amphibious.
You can wear up to eight rings at the same time.
You can use your tentacles to constrict eight enemies at once.
Your skin changes colour to match your surroundings (Stealth).
Your rubbery body absorbs attacks (AC +1).
You are partially covered in large bone plates (AC +2, SH +2).
Your muscles are strong. (Str +2)
You evolve.


Message History

Crazy Yiuf hits you with a quarterstaff of chaos!
Crazy Yiuf freezes you.
Evoke which item? (* to show all) (? for menu, Esc to quit)
Zapping:
b - a wand of flame (14/48)
Press: ? - help, Shift-Dir - straight line, f - Crazy Yiuf
Aim: Crazy Yiuf, wielding a quarterstaff of chaos and wearing a cloak (heavily wounded, constricted by you)
The puff of flame hits Crazy Yiuf.
Crazy Yiuf is heavily wounded.
This wand has 13 charges left.
You constrict Crazy Yiuf.
Crazy Yiuf hits you with a quarterstaff of chaos!
* * * LOW HITPOINT WARNING * * *
Evoke which item? (* to show all) (? for menu, Esc to quit)
Zapping:
b - a wand of flame (13/48)
Press: ? - help, Shift-Dir - straight line, f/p - Crazy Yiuf
Aim: Crazy Yiuf, wielding a quarterstaff of chaos and wearing a cloak (severely wounded, constricted by you)
The puff of flame hits Crazy Yiuf.
Crazy Yiuf is almost dead.
This wand has 12 charges left.
You constrict Crazy Yiuf.
Crazy Yiuf hits you with a quarterstaff of chaos.
You die...

#####............#
#................#
#.###............#
#.# ##############
#.# #.# #.###♣♣
##### #....P♣♣
♣♣#..)#
#....PP♣♣♣♣...@g#
##...P..♣..♣#...#
##....♣.♣♣♣#####
###♣♣♣♣♣


You could see Crazy Yiuf.

Vanquished Creatures
  3 adders (D:2)
  A worm (D:3)
  2 dart slugs (D:1)
  3 giant geckos (D:2)
  A ball python (D:2)
  5 bats
  6 goblins
  4 hobgoblins
  3 jackals (D:2)
  A quokka (D:2)
  5 kobolds
  2 rats
36 creatures vanquished.

Notes
Turn   | Place    | Note
--------------------------------------------------------------
     0 | D:1      | M4edhros the Octopode Artificer began the quest for the Orb.
     0 | D:1      | Reached XP level 1. HP: 13/13 MP: 3/3
    32 | D:1      | Reached skill level 2 in Stealth
   344 | D:1      | Reached XP level 2. HP: 18/18 MP: 4/4
   381 | D:1      | Reached skill level 3 in Stealth
   857 | D:2      | Reached skill level 4 in Stealth
   917 | D:2      | Reached XP level 3. HP: 23/23 MP: 5/5
  1168 | D:2      | Reached skill level 5 in Stealth
  1333 | D:2      | Gained mutation: You are partially covered in large bone plates (AC +2, SH +2). [potion of mutation]
  1333 | D:2      | Gained mutation: Your muscles are strong. (Str +2) [potion of mutation]
  1333 | D:2      | Gained mutation: You evolve. [potion of mutation]
  1547 | D:2      | Reached XP level 4. HP: 10/28 MP: 6/6
  1984 | D:3      | Found Zin's Purification Station.
  1989 | D:3      | Found a glowing silver altar of Zin.
  2143 | D:3      | Noticed Crazy Yiuf
  2152 | D:3      | Slain by Crazy Yiuf

Vault maps used:
D:1:      dpeg_arrival_shrine, serial_bayou_lake_a
D:2:      serial_forest, infiniplex_forest_clump_medium,
          infiniplex_forest_lined_2, infiniplex_forest_end_3,
          infiniplex_forest_clump_curved, infiniplex_forest_clump_long,
          infiniplex_forest_end_2
D:3:      zin_purify, first_bread, uniq_jessica, uniq_robin,
          uniq_crazy_yiuf_cottage

Skill      XL: |  1  2  3 |
---------------+----------+-----
Stealth        | 2 4 5 |  5.8
Fighting       | |  1.0
Short Blades   | |  1.0
Dodging        | |  2.0
Evocations     | |  3.2

Action                   |  1- 3 |  4- 6 || total
-------------------------+-------+-------++-------
Melee: Short sword       |     8 |       ||     8
       Constrict         |    10 |     2 ||    12
       Tentacles         |     8 |     1 ||     9
       Whip              |    44 |     8 ||    52
Evoke: Club              |       |     4 ||     4
  Use: Potion            |     4 |     1 ||     5
 Stab: Sleeping          |    12 |     5 ||    17
       Distracted        |       |     1 ||     1
  Eat: Chunk             |     2 |     1 ||     3
Armor: Skin              |     5 |       ||     5
Dodge: Dodged            |    16 |     2 ||    18
Block: Other             |     1 |       ||     1
